 Dungeon Crawl Stone Soup version 0.27.1-2-g3b301248ec (webtiles) character file.

Game seed: 5148887612338963823

2377 AZSletch the Vexing (level 9, 0/55 (61) HPs)
             Began as a Gnoll Arcane Marksman on Oct 4, 2021.
             Was a Follower of Hepliaklqana.
             Slain by a wight (17 damage)
             ... on level 7 of the Dungeon.
             The game lasted 00:36:19 (7965 turns).

AZSletch the Vexing (Gnoll Arcane Marksman)         Turns: 7965, Time: 00:36:19

HP:   0/55 (61)     AC:  5    Str: 13    XL:     9   Next: 45%
MP:   22/25         EV: 14    Int: 13    God:    Hepliaklqana [*.....]
Gold: 261           SH:  0    Dex: 12    Spells: 11/18 levels left

rFire    . . .     SeeInvis .   A - +3 dire flail (vorpal)
rCold    + . .     Faith    .   (shield currently unavailable)
rNeg     . . .     Spirit   .   G - +0 steam dragon scales
rPois    .         Reflect  .   (no helmet)
rElec    .         Harm     .   (no cloak)
rCorr    .         Rampage  .   (no gloves)
Will     .....                  (no boots)
Stlth    ++........             g - amulet of the acrobat
HPRegen  0.18/turn              q - ring of magical power
MPRegen  0.19/turn              v - ring of protection from cold

@: drained
A: reduced essence, fangs 1, strong nose, distributed training
a: Renounce Religion, Recall Ancestor, Ancestor Identity


You were on level 7 of the Dungeon.
You worshipped Hepliaklqana.
Hepliaklqana was aware of your devotion.
You visited 2 branches of the dungeon, and saw 8 of its levels.

You collected 336 gold pieces.
You spent 75 gold pieces at shops.

Inventory:

Hand Weapons
 a - a +0 hunting sling
 f - a +2 short sword of venom
 A - a +3 vorpal dire flail (weapon)
Missiles
 b - 66 arrows
 c - 50 sling bullets
 k - 129 stones
 K - 5 javelins (quivered)
Armour
 d - a +0 robe of fire resistance
 z - a +0 tower shield
 G - +0 steam dragon scales (worn)
Magical Staves
 F - a staff of poison
Jewellery
 g - an amulet of the acrobat (around neck)
 q - a ring of magical power (left hand)
 v - a ring of protection from cold (right hand)
 I - an amulet of faith
Wands
 B - a wand of paralysis (14)
 J - a wand of digging (3)
Scrolls
 e - 2 scrolls of teleportation {unknown}
 h - 2 scrolls of holy word
 i - 5 scrolls of identify
 m - 2 scrolls of fear {unknown}
 o - a scroll of enchant armour {unknown}
 r - a scroll of fog {unknown}
 s - 2 scrolls of torment {unknown}
 t - a scroll of summoning {unknown}
 u - 2 scrolls of blinking
 w - a scroll of acquirement {unknown}
 y - 4 scrolls of amnesia {unknown}
 H - a scroll of vulnerability {unknown}
 L - a scroll of enchant weapon {unknown}
Potions
 j - a potion of degeneration {unknown}
 l - 3 potions of heal wounds {unknown}
 n - a potion of flight {unknown}
 p - 4 potions of curing
 x - a potion of haste {unknown}
 C - 2 potions of might {unknown}
 D - a potion of brilliance {unknown}
 E - a potion of mutation {unknown}


   Skills:
 + Level 5.0 Fighting
 + Level 4.2 Short Blades
 + Level 4.2 Long Blades
 + Level 4.2 Axes
 + Level 4.2 Maces & Flails
 + Level 4.2 Polearms
 + Level 4.2 Staves
 + Level 6.3 Slings
 + Level 4.2 Bows
 + Level 4.2 Crossbows
 + Level 4.2 Throwing
 + Level 4.2 Armour
 + Level 6.3 Dodging
 + Level 4.2 Stealth
 + Level 4.2 Shields
 + Level 4.2 Unarmed Combat
 + Level 5.2 Spellcasting
 + Level 3.5 Conjurations
 + Level 6.5 Hexes
 + Level 3.5 Summonings
 + Level 3.5 Necromancy
 + Level 3.5 Translocations
 + Level 3.5 Transmutations
 + Level 3.5 Fire Magic
 + Level 3.5 Ice Magic
 + Level 3.5 Air Magic
 + Level 3.5 Earth Magic
 + Level 3.5 Poison Magic
 + Level 4.7 Invocations
 + Level 4.2 Evocations


You had 11 spell levels left.
You knew the following spells:

 Your Spells              Type           Power      Damage    Failure   Level
a - Corona                Hex            22%        N/A       1%          1
b - Slow                  Hex            20%        N/A       1%          2
c - Cause Fear            Hex            10%        N/A       12%         4

Your spell library contained the following spells:

 Spells                   Type           Power      Damage    Failure   Level
 Beastly Appendage        Tmut           24%        N/A       4%          1
 Wereblood                Tmut           12%        N/A       7%          2
 Inner Flame              Hex/Fire       16%        N/A       7%          3
 Portal Projectile        Hex/Tloc       32%        N/A       7%          3
 Ozocubu's Armour         Ice            12%        N/A       13%         3
 Spider Form              Tmut/Pois      6%         N/A       13%         3
 Fireball                 Conj/Fire      6%         3d5       77%         5
 Freezing Cloud           Conj/Ice/Air   6%         6-21      77%         5
 Simulacrum               Ice/Necr       6%         N/A       100%        6
 Starburst                Conj/Fire      6%         6d4       100%        6
 Ozocubu's Refrigeration  Ice            6%         4d6       100%        7
 Ignition                 Fire           6%         3d4       100%        8
 Polar Vortex             Ice            6%         N/A       100%        9


Dungeon Overview and Level Annotations

Branches:
Dungeon (7/15)             Temple (1/1) D:5

Altars:
Cheibriados
Dithmenos
Elyvilon
Fedhas
Gozag
Hepliaklqana
Kikubaaqudgha
Makhleb
Okawaru
Qazlal
Ru
Sif Muna
Trog
Vehumet
Wu Jian
Xom
Yredelemnul
Zin
The Shining One

Shops:
D:3 [   D:4 [*[[*

Annotations:
D:5 2 runed translucent doors, Crazy Yiuf


Innate Abilities, Weirdness & Mutations

Your life essence is reduced to manifest your ancestor. (-10% HP)
You have very sharp teeth.
Your uncanny sense of smell can sniff out nearby items.
Your experience applies equally to all skills.


Message History

You shoot a sling bullet.
The sling bullet hits the wight but does no damage.
The wight is lightly damaged.
You swap places.
The wight hits Plamen with a +7 scimitar of freezing!
The wight freezes Plamen.
Plamen is destroyed!
Things that are here:
a +1 great sword; a +0 robe; 3 stones Fire: 51 sling bullets
Press: ? - help, Q - select action, (/) - cycle Shift-Dir - straight line, f/p - wight
Aim: a wight, wielding a +7 scimitar of freezing and wearing a +0 robe (lightly damaged, softly glowing, 80% to hit)
You shoot a sling bullet. The sling bullet hits the wight.
The wight is moderately damaged.
A - a +3 vorpal dire flail (weapon)
You hit the wight.
The wight is moderately damaged.
The wight misses you.
You hit the wight.
The wight is severely damaged.
The wight stops glowing.
The wight completely misses you.
You hit the wight.
The wight is almost destroyed.
The wight hits you with a +7 scimitar of freezing!
You feel drained. The wight freezes you.
The wight hits you with a +7 scimitar of freezing!
You feel drained. The wight freezes you.
You barely miss the wight.
The wight is almost destroyed.
The wight hits you with a +7 scimitar of freezing!
* * * LOW HITPOINT WARNING * * *
You feel drained.
* * * LOW HITPOINT WARNING * * *
The wight freezes you.
* * * LOW HITPOINT WARNING * * *
You feel better. The wight closely misses you.
You barely miss the wight. Your bite misses the wight.
The wight is almost destroyed.
The wight hits you with a +7 scimitar of freezing!
You die...

##.
#..
#(#
##.##
#...#
#.(.#
#.(.#
#z#
#@#
##.#
#..#
#.##
#.#
######
#.#
#≈≈≈≈≈
#.#
#.≈≈≈≈
#.#
#.≈≈≈≈
#.#
#..≈.≈


You could see a wight.

Vanquished Creatures
  Maggie (D:6)
  A shadow (D:6)
  Edmund (D:5)
  Duvessa (D:6)
  A sky beast (D:6)
  4 ogres
  A centaur (D:5)
  2 bullfrogs
  2 scorpions (D:6)
  Dowan (D:6)
  A hound (D:7)
  2 orc priests
  A human skeleton (D:5)
  4 iguanas
  A scorpion zombie (D:5)
  6 orc wizards
  A hound skeleton (D:5)
  A gnoll (D:1)
  7 adders
  A worm (D:2)
  A dart slug (D:2)
  9 orcs
  2 bats (D:2)
  6 endoplasms
  4 giant cockroaches
  4 goblins
  6 hobgoblins
  3 quokkas
  6 ball pythons
  6 frilled lizards
  A jackal zombie (D:5)
  10 rats
98 creatures vanquished.

Vanquished Creatures (collateral kills)
  Sigmund (D:5)
  An ogre (D:7)
  A scorpion (D:7)
  A wight (D:7)
  A howler monkey zombie (D:7)
  An orc (D:7)
6 creatures vanquished.

Vanquished Creatures (others)
  An ancestor (D:7)
1 creature vanquished.

Grand Total: 105 creatures vanquished

Notes
Turn   | Place    | Note
-------+----------+-------------------------------------------
     0 | D:1      | AZSletch the Gnoll Arcane Marksman began the quest for the
                  | Orb.
     0 | D:1      | Reached XP level 1. HP: 17/17 MP: 4/4
   268 | D:1      | Reached XP level 2. HP: 19/23 MP: 5/5
   293 | D:1      | Learned a level 2 spell: Slow
   764 | D:1      | Reached XP level 3. HP: 28/28 MP: 1/7
  1308 | D:2      | Reached skill level 1 in Invocations
  1308 | D:2      | Noticed an ogre
  1320 | D:2      | Killed an ogre
  1321 | D:2      | Reached skill level 1 in Short Blades
  1321 | D:2      | Reached skill level 1 in Long Blades
  1321 | D:2      | Reached skill level 1 in Axes
  1321 | D:2      | Reached skill level 1 in Maces & Flails
  1321 | D:2      | Reached skill level 1 in Polearms
  1321 | D:2      | Reached skill level 1 in Staves
  1321 | D:2      | Reached skill level 1 in Bows
  1321 | D:2      | Reached skill level 1 in Crossbows
  1321 | D:2      | Reached skill level 1 in Throwing
  1321 | D:2      | Reached skill level 1 in Armour
  1321 | D:2      | Reached skill level 1 in Stealth
  1321 | D:2      | Reached skill level 1 in Shields
  1321 | D:2      | Reached skill level 1 in Unarmed Combat
  1321 | D:2      | Reached skill level 1 in Conjurations
  1321 | D:2      | Reached skill level 1 in Summonings
  1321 | D:2      | Reached skill level 1 in Necromancy
  1321 | D:2      | Reached skill level 1 in Translocations
  1321 | D:2      | Reached skill level 1 in Transmutations
  1321 | D:2      | Reached skill level 1 in Fire Magic
  1321 | D:2      | Reached skill level 1 in Ice Magic
  1321 | D:2      | Reached skill level 1 in Air Magic
  1321 | D:2      | Reached skill level 1 in Earth Magic
  1321 | D:2      | Reached skill level 1 in Poison Magic
  1321 | D:2      | Reached skill level 1 in Evocations
  1321 | D:2      | Reached XP level 4. HP: 34/34 MP: 1/8
  1321 | D:2      | Reached XP level 5. HP: 40/40 MP: 1/9
  1395 | D:2      | Found a faded altar of an unknown god.
  2079 | D:3      | Found Baemunk's Antique Armour Shoppe.
  2871 | D:4      | Found Jatuemnu's Antique Armour Boutique.
  2879 | D:4      | Found Qylenog's Antique Armour Boutique.
  2881 | D:4      | Found Kousuwk's Assorted Antiques.
  2882 | D:4      | Found Qaetiok's Armour Boutique.
  2934 | D:4      | Found a white marble altar of Elyvilon.
  3103 | D:4      | Found Honus's General Store.
  3111 | D:4      | Bought a scroll of blinking for 75 gold pieces
  3755 | D:5      | Entered Level 5 of the Dungeon
  3790 | D:4      | Reached XP level 6. HP: 19/47 MP: 11/11
  4128 | D:5      | Found a runed translucent door.
  4128 | D:5      | Noticed a human
  4151 | D:5      | Reached skill level 5 in Slings
  4151 | D:5      | Reached skill level 5 in Dodging
  4524 | D:5      | Found a basalt altar of Yredelemnul.
  4617 | D:5      | Found a runed translucent door.
  4618 | D:5      | Noticed Crazy Yiuf
  4669 | D:5      | Found a staircase to the Ecumenical Temple.
  4676 | D:5      | Noticed Sigmund
  5039 | D:5      | You fall into a shaft and drop 1 floor!
  5185 | Temple   | Entered the Ecumenical Temple
  5348 | Temple   | Became a worshipper of Hepliaklqana the Forgotten
  5416 | D:5      | Noticed Edmund
  5438 | D:5      | Killed Edmund
  5439 | D:5      | Reached XP level 7. HP: 27/52 MP: 12/12
  5990 | D:6      | Found a shimmering blue altar of Sif Muna.
  6002 | D:5      | Learned a level 4 spell: Cause Fear
  6249 | D:6      | Found a glowing golden altar of the Shining One.
  6259 | D:6      | Noticed Maggie
  6427 | D:6      | Found an opulent altar of Gozag.
  6533 | D:6      | Reached XP level 8. HP: 48/60 MP: 14/14
  6753 | D:6      | Killed Maggie
  7048 | D:6      | Noticed Duvessa
  7048 | D:6      | Noticed Dowan
  7077 | D:6      | Killed Duvessa
  7085 | D:6      | Killed Dowan
  7378 | D:6      | Noticed a shadow
  7385 | D:6      | Killed a shadow
  7386 | D:6      | Reached XP level 9. HP: 55/66 MP: 16/16
  7446 | D:6      | Reached * piety under Hepliaklqana
  7659 | D:5      | Killed Sigmund
  7660 | D:5      | Reached skill level 5 in Spellcasting
  7796 | D:7      | Reached skill level 5 in Fighting
  7888 | D:7      | Found an ornate altar of the Wu Jian Council.
  7965 | D:7      | Slain by a wight

Illustrated notes

Levels and vault maps discovered:
D:1:      minmay_arrival_stair_chambers, layout_loops_corners, minmay_surrounded
D:2:      layout_loops_ring, chequers_ecumenical_altar_simple_redux
D:3:      layout_rooms, serial_shops, nicolae_square_shop
D:4:      layout_basic, general_overflow_altar, serial_shops, shop_fountains,
          minmay_shop_grid_forest, minmay_misc_feat_tower,
          chequers_serial_rivers_micro_b
D:5:      layout_loops_cross, dk_yredelemnul_ordeal,
          minmay_temple_entry_purple_smoke, serial_bayou_crossing,
          uniq_crazy_yiuf_cottage, uniq_edmund, uniq_sigmund
D:6:      layout_cave_pools, nicolae_gozag_seed_capital,
          mainiacjoe_overflow_large_starburst, serial_column_ruins,
          column_ruins_hut, column_ruins_columns_T, column_ruins_grid_2,
          column_ruins_open_small, column_ruins_open_small, column_ruins_grid_2,
          column_ruins_open_medium, uniq_duvessa, uniq_maggie
D:7:      layout_loops_cross, nzn_wu_jian_contemplation
Temple:   dshaligram_water_room_temple

Skill      XL: |  1  2  3  4  5  6  7  8  9 |
---------------+----------------------------+-----
Invocations    | 1 2 3 4 |  4.7
Short Blades   | 1 2 3 4 |  4.2
Long Blades    | 1 2 3 4 |  4.2
Axes           | 1 2 3 4 |  4.2
Maces & Flails | 1 2 3 4 |  4.2
Polearms       | 1 2 3 4 |  4.2
Staves         | 1 2 3 4 |  4.2
Bows           | 1 2 3 4 |  4.2
Crossbows      | 1 2 3 4 |  4.2
Throwing       | 1 2 3 4 |  4.2
Armour         | 1 2 3 4 |  4.2
Stealth        | 1 2 3 4 |  4.2
Shields        | 1 2 3 4 |  4.2
Unarmed Combat | 1 2 3 4 |  4.2
Spellcasting   | 3 4 5 |  5.2
Conjurations   | 1 2 3 |  3.5
Summonings     | 1 2 3 |  3.5
Necromancy     | 1 2 3 |  3.5
Translocations | 1 2 3 |  3.5
Transmutations | 1 2 3 |  3.5
Fire Magic     | 1 2 3 |  3.5
Ice Magic      | 1 2 3 |  3.5
Air Magic      | 1 2 3 |  3.5
Earth Magic    | 1 2 3 |  3.5
Poison Magic   | 1 2 3 |  3.5
Evocations     | 1 2 3 4 |  4.2
Fighting       | 3 4 5 |  5.0
Slings         | 5 6 |  6.3
Dodging        | 5 6 |  6.3
Hexes          | 6 |  6.5

Action                   |  1- 3 |  4- 6 |  7- 9 || total
-------------------------+-------+-------+-------++-------
Melee: Short sword       |    28 |    64 |       ||    92
       Bite              |     3 |     3 |     9 ||    15
       Dire flail        |       |       |   125 ||   125
 Fire: Hunting sling     |    49 |    81 |    49 ||   179
Throw: Javelin           |       |       |     2 ||     2
 Cast: Corona            |    13 |    37 |    37 ||    87
       Slow              |     4 |    15 |    29 ||    48
  Use: Scroll            |       |     2 |       ||     2
       Potion            |       |       |     1 ||     1
 Stab: Sleeping          |       |     1 |       ||     1
       Distracted        |       |       |     1 ||     1
Armor: Robe              |     4 |     8 |     6 ||    18
       Steam dragon scal |       |       |     4 ||     4
Dodge: Dodged            |    26 |    57 |    75 ||   158
